TOP OF THE 1ST |
Northern Virginia Rainbow Mermaids batting - Pitching for Vancouver Grey Wolves : RHP Nelle Liefting
|
Pitching: RHP Nelle Liefting
|
|
Batting: LHB Francisco Ornelas
|
0-0: Called Strike 0-1: Swinging Strike 0-2: Strikes out swinging
|
Batting: RHB Brett Callison
|
0-0: Called Strike 0-1: Ball 1-1: Foul Ball, location: 2F 1-2: Ball 2-2: Ball 3-2: Ground out 5-3 (Groundball, 56)
|
Batting: LHB Roberto Sánchez
|
0-0: Ball 1-0: Ball 2-0: Called Strike 2-1: Ground out U3 (Groundball, 34)
|
Top of the 1st over - 0 run(s), 0 hit(s), 0 error(s), 0 left on base; Northern Virginia 0 - Vancouver 0 |
BOTTOM OF THE 1ST |
Vancouver Grey Wolves batting - Pitching for Northern Virginia Rainbow Mermaids : RHP Aurelio López
|
Pitching: RHP Aurelio López
|
|
Batting: RHB Álex Estrada
|
0-0: Fly out, F4 (Line Drive, 4)
|
Batting: RHB Hugh Mungus
|
0-0: Called Strike 0-1: Ball 1-1: Swinging Strike 1-2: Foul Ball, location: 2F 1-2: Strikes out swinging
|
Batting: LHB Aquiles Marmelo
|
0-0: Ball 1-0: Ball 2-0: Ball 3-0: Called Strike 3-1: Called Strike 3-2: Foul Ball, location: 2F 3-2: Foul Ball, location: 2F 3-2: Fly out, F3 (Line Drive, 3S)
|
Bottom of the 1st over - 0 run(s), 0 hit(s), 0 error(s), 0 left on base; Northern Virginia 0 - Vancouver 0 |
TOP OF THE 2ND |
Northern Virginia Rainbow Mermaids batting - Pitching for Vancouver Grey Wolves : RHP Nelle Liefting
|
Batting: LHB Marlon Randall
|
0-0: Ball 1-0: Ball 2-0: Ball 3-0: Called Strike 3-1: Swinging Strike 3-2: Strikes out swinging
|
Batting: RHB Shohei Kiyomizu
|
0-0: Foul Ball, location: 2F 0-1: SOLO HOME RUN (Flyball, 7LD), Distance : 354 ft
|
Batting: LHB Munemori Ohara
|
0-0: Called Strike 0-1: Ground out 6-3 (Groundball, 6)
|
Batting: RHB Alfredo Pizarro
|
0-0: Ball 1-0: Ball 2-0: Ball 3-0: Called Strike 3-1: Fly out, F7 (Flyball, 7)
|
Top of the 2nd over - 1 run(s), 1 hit(s), 0 error(s), 0 left on base; Northern Virginia 1 - Vancouver 0 |
BOTTOM OF THE 2ND |
Vancouver Grey Wolves batting - Pitching for Northern Virginia Rainbow Mermaids : RHP Aurelio López
|
Batting: LHB Thomas Campbell
|
0-0: Called Strike 0-1: Ball 1-1: Ground out 1-3 (Groundball, 15S)
|
Batting: RHB Wilson Vega
|
0-0: Ball 1-0: Ground out 4-3 (Groundball, 4)
|
Batting: RHB Miguel Rosales
|
0-0: Ground out 6-3 (Groundball, 6)
|
Bottom of the 2nd over - 0 run(s), 0 hit(s), 0 error(s), 0 left on base; Northern Virginia 1 - Vancouver 0 |
TOP OF THE 3RD |
Northern Virginia Rainbow Mermaids batting - Pitching for Vancouver Grey Wolves : RHP Nelle Liefting
|
Batting: RHB Lionel McCloud
|
0-0: Called Strike 0-1: Foul Ball, location: 2F 0-2: Strikes out swinging
|
Batting: RHB Ethan Miller
|
0-0: Called Strike 0-1: Ball 1-1: Ground out 5-3 (Groundball, 56)
|
Batting: LHB Francisco Ornelas
|
0-0: Foul Ball, location: 2F 0-1: Ball 1-1: Called Strike 1-2: Strikes out looking
|
Top of the 3rd over - 0 run(s), 0 hit(s), 0 error(s), 0 left on base; Northern Virginia 1 - Vancouver 0 |
BOTTOM OF THE 3RD |
Vancouver Grey Wolves batting - Pitching for Northern Virginia Rainbow Mermaids : RHP Aurelio López
|
Batting: RHB Enrique Fuentes
|
0-0: Called Strike 0-1: Ball 1-1: Ball 2-1: Ball 3-1: Base on Balls
|
Batting: RHB Steve Dunn
|
0-0: Called Strike 0-1: Ball 1-1: Fly out, F6 (Popup, 6)
|
Batting: SHB Ted Striker
|
0-0: Fielders Choice at 2nd, 4-6 (Groundball, 34)
|
Batting: RHB Álex Estrada
|
0-0: Ball 1-0: DOUBLE (Line Drive, 7LM) Ted Striker to third Runner from 3rd tries for Home, SAFE, no throw
|
Batting: RHB Hugh Mungus
|
0-0: Fly out, F8 (Flyball, 78M)
|
Bottom of the 3rd over - 1 run(s), 1 hit(s), 0 error(s), 1 left on base; Northern Virginia 1 - Vancouver 1 |
TOP OF THE 4TH |
Northern Virginia Rainbow Mermaids batting - Pitching for Vancouver Grey Wolves : RHP Nelle Liefting
|
Batting: RHB Brett Callison
|
0-0: Ball 1-0: Ball 2-0: Swinging Strike 2-1: Foul Ball, location: 2F 2-2: Ball 3-2: Base on Balls
|
Batting: LHB Roberto Sánchez
|
0-0: Ball 1-0: Ball 2-0: Called Strike 2-1: Foul Ball, location: 2F 2-2: Foul Ball, location: 2F 2-2: Fly out, F7 (Flyball, 7LM)
|
Batting: LHB Marlon Randall
|
0-0: Ball 1-0: Ball 2-0: Called Strike 2-1: Foul Ball, location: 2F 2-2: Ball Wild Pitch! Brett Callison to second 3-2: Base on Balls
|
Batting: RHB Shohei Kiyomizu
|
0-0: Called Strike 0-1: Foul Ball, location: 2F 0-2: Foul Ball, location: 2F 0-2: Ball 1-2: Strikes out looking
|
Batting: LHB Munemori Ohara
|
0-0: Called Strike 0-1: Foul Ball, location: 2F 0-2: Ball 1-2: Ball 2-2: Strikes out swinging
|
Top of the 4th over - 0 run(s), 0 hit(s), 0 error(s), 2 left on base; Northern Virginia 1 - Vancouver 1 |
BOTTOM OF THE 4TH |
Vancouver Grey Wolves batting - Pitching for Northern Virginia Rainbow Mermaids : RHP Aurelio López
|
Batting: LHB Aquiles Marmelo
|
0-0: SOLO HOME RUN (Flyball, 9D), Distance : 380 ft
|
Batting: LHB Thomas Campbell
|
0-0: Swinging Strike 0-1: Ball 1-1: Ball 2-1: Called Strike 2-2: Ball 3-2: Foul Ball, location: 2F 3-2: Foul Ball, location: 2F 3-2: Base on Balls
|
Batting: RHB Wilson Vega
|
0-0: Foul Ball, location: 2F 0-1: Fielders Choice at 2nd, 1-6 (Groundball, 13S)
|
Batting: RHB Miguel Rosales
|
0-0: Grounds into double play, 6-4-3 (Groundball, 6)
|
Bottom of the 4th over - 1 run(s), 1 hit(s), 0 error(s), 0 left on base; Northern Virginia 1 - Vancouver 2 |
TOP OF THE 5TH |
Northern Virginia Rainbow Mermaids batting - Pitching for Vancouver Grey Wolves : RHP Nelle Liefting
|
Pitching: RHP Tate Beason
|
|
Batting: RHB Alfredo Pizarro
|
0-0: Foul Ball, location: 2F 0-1: Ball 1-1: Swinging Strike 1-2: SINGLE (Groundball, 4MD)
|
Batting: RHB Lionel McCloud
|
0-0: Bunted foul 0-1: Bunted foul 0-2: Ball 1-2: Ball 2-2: Foul Ball, location: 2F 2-2: Ball 3-2: Foul Ball, location: 2F 3-2: Foul Ball, location: 2F 3-2: Base on Balls Alfredo Pizarro to second
|
Batting: RHB Ethan Miller
|
0-0: Foul Ball, location: 2F 0-1: Ball 1-1: Ball 2-1: Grounds into double play, 6-4-3 (Groundball, 6) Alfredo Pizarro to third
|
Batting: LHB Francisco Ornelas
|
0-0: Ball 1-0: Ball 2-0: Fly out, F8 (Flyball, 8RS)
|
Top of the 5th over - 0 run(s), 1 hit(s), 0 error(s), 1 left on base; Northern Virginia 1 - Vancouver 2 |
BOTTOM OF THE 5TH |
Vancouver Grey Wolves batting - Pitching for Northern Virginia Rainbow Mermaids : RHP Aurelio López
|
Pitching: RHP Pedro Silva
|
|
Batting: RHB Enrique Fuentes
|
0-0: SINGLE (Groundball, 6D)
|
Batting: RHB Steve Dunn
|
0-0: Ball 1-0: Foul Ball, location: 2F 1-1: Ball 2-1: Ball 3-1: Fly out, F8 (Flyball, 8LD)
|
Batting: SHB Ted Striker
|
0-0: Ball 1-0: Called Strike 1-1: Ball 2-1: Foul Ball, location: 2F 2-2: DOUBLE (Line Drive, 89M) Enrique Fuentes to third
|
Batting: RHB Álex Estrada
|
0-0: Called Strike 0-1: Called Strike 0-2: SINGLE (Groundball, 4D) Enrique Fuentes scores Ted Striker to third Runner from 3rd tries for Home, throw and OUT! Álex Estrada to second
|
Batting: RHB Hugh Mungus
|
0-0: Foul Ball, location: 2F 0-1: Foul Ball, location: 2F 0-2: Ground out 4-3 (Groundball, 34D)
|
Bottom of the 5th over - 1 run(s), 3 hit(s), 0 error(s), 1 left on base; Northern Virginia 1 - Vancouver 3 |
TOP OF THE 6TH |
Northern Virginia Rainbow Mermaids batting - Pitching for Vancouver Grey Wolves : RHP Tate Beason
|
Batting: RHB Brett Callison
|
0-0: Swinging Strike 0-1: Foul Ball, location: 2F 0-2: Ball 1-2: Ball 2-2: Ball 3-2: SINGLE (Line Drive, 8RS)
|
Pitching: RHP Mark Simmons
|
|
Batting: LHB Roberto Sánchez
|
0-0: Ball 1-0: Ball 2-0: Foul Ball, location: 2F 2-1: SINGLE (Groundball, 4S) (infield hit) Brett Callison to second
|
Batting: LHB Marlon Randall
|
0-0: Called Strike 0-1: Grounds into double play, 6-4-3 (Groundball, 6) Brett Callison to third
|
Batting: RHB Shohei Kiyomizu
|
0-0: Foul Ball, location: 2F 0-1: Called Strike 0-2: Ball 1-2: Strikes out looking
|
Top of the 6th over - 0 run(s), 2 hit(s), 0 error(s), 1 left on base; Northern Virginia 1 - Vancouver 3 |
BOTTOM OF THE 6TH |
Vancouver Grey Wolves batting - Pitching for Northern Virginia Rainbow Mermaids : RHP Pedro Silva
|
Batting: LHB Aquiles Marmelo
|
0-0: Ball 1-0: Called Strike 1-1: Foul Ball, location: 2F 1-2: Foul Ball, location: 2F 1-2: SINGLE (Groundball, 34D)
|
Batting: LHB Thomas Campbell
|
0-0: Ball 1-0: Ball 2-0: Called Strike 2-1: Ball 3-1: Foul Ball, location: 2F 3-2: Base on Balls Aquiles Marmelo to second
|
Batting: RHB Wilson Vega
|
0-0: Called Strike 0-1: Ball 1-1: Ground out 5-3 (Groundball, 56S) Aquiles Marmelo to third Thomas Campbell to second
|
Batting: RHB Miguel Rosales
|
0-0: Ball 1-0: Ball 2-0: Ground out 6-3 (Groundball, 6M)
|
Batting: RHB Enrique Fuentes
|
0-0: Foul Ball, location: 2F 0-1: Fly out, F7 (Flyball, 7LM)
|
Bottom of the 6th over - 0 run(s), 1 hit(s), 0 error(s), 2 left on base; Northern Virginia 1 - Vancouver 3 |
TOP OF THE 7TH |
Northern Virginia Rainbow Mermaids batting - Pitching for Vancouver Grey Wolves : RHP Mark Simmons
|
Batting: LHB Munemori Ohara
|
0-0: Ball 1-0: Called Strike 1-1: DOUBLE (Line Drive, 9LM)
|
Batting: RHB Alfredo Pizarro
|
0-0: Ball Munemori Ohara is caught stealing 3rd base 1-0: Ball 2-0: TRIPLE (Line Drive, 7LM)
|
Batting: RHB Lionel McCloud
|
0-0: Ball 1-0: Ball 2-0: Foul Ball, location: 2F 2-1: Foul Ball, location: 2F 2-2: Foul Ball, location: 2F 2-2: Foul Ball, location: 2F 2-2: Foul Ball, location: 2F 2-2: SINGLE (Groundball, 4M) (infield hit) Alfredo Pizarro scores
|
Batting: RHB Ethan Miller
|
0-0: Called Strike 0-1: Ball 1-1: Ball 2-1: Called Strike 2-2: Strikes out looking
|
Pitching: RHP Jim Atkinson
|
|
Pinch Hitting: RHB Ed Adams
|
0-0: Ball 1-0: Ball 2-0: Called Strike 2-1: Foul Ball, location: 2F 2-2: SINGLE (Flyball, 8LS) Lionel McCloud to second Runner from 2nd tries for 3rd, SAFE, no throw
|
Pinch Hitting: RHB Mike Greene
|
0-0: Swinging Strike 0-1: Foul Ball, location: 2F 0-2: Ball 1-2: Ground out 5-3 (Groundball, 56S)
|
Top of the 7th over - 1 run(s), 4 hit(s), 0 error(s), 2 left on base; Northern Virginia 2 - Vancouver 3 |
BOTTOM OF THE 7TH |
Vancouver Grey Wolves batting - Pitching for Northern Virginia Rainbow Mermaids : RHP Pedro Silva
|
Now at 3B: Ed Adams
|
|
Now in RF: Mike Greene
|
|
Batting: RHB Steve Dunn
|
0-0: Called Strike 0-1: Ball 1-1: Called Strike 1-2: Ball 2-2: Ground out 5-3 (Groundball, 56)
|
Batting: SHB Ted Striker
|
0-0: Ball 1-0: Called Strike 1-1: SINGLE (Line Drive, 7S)
|
Batting: LHB Michael Malloy
|
0-0: Ball 1-0: Foul Ball, location: 2F 1-1: Foul Ball, location: 2F 1-2: Ball 2-2: Foul Ball, location: 2F 2-2: Ball 3-2: SINGLE (Groundball, 4MD) Ted Striker to second Runner from 2nd tries for 3rd, OUT after rundown.
|
Pitching: RHP Anthony Ledesma
|
|
Pinch Hitting: RHB Robert O'Connor
|
0-0: Ball 1-0: Ball 2-0: Foul Ball, location: 2F 2-1: Fielders Choice at 2nd, 6-4 (Groundball, 6)
|
Bottom of the 7th over - 0 run(s), 2 hit(s), 0 error(s), 0 left on base; Northern Virginia 2 - Vancouver 3 |
TOP OF THE 8TH |
Northern Virginia Rainbow Mermaids batting - Pitching for Vancouver Grey Wolves : RHP Jim Atkinson
|
Now in RF: Robert O'Connor
|
|
Pinch Hitting: RHB Luis Rodríguez
|
0-0: Ball 1-0: Ball 2-0: Called Strike 2-1: Swinging Strike 2-2: Ball 3-2: Base on Balls
|
Batting: LHB Chris Etheridge
|
0-0: Called Strike 0-1: Ball 1-1: Ball 2-1: Ball 3-1: Foul Ball, location: 2F 3-2: Strikes out swinging
|
Pinch Hitting: LHB Preston Witt
|
0-0: Ball 1-0: Fly out, F7 (Line Drive, 7D)
|
Pinch Hitting: RHB Ju-chan Pak
|
0-0: Ball 1-0: Fly out, F8 (Flyball, 89S)
|
Top of the 8th over - 0 run(s), 0 hit(s), 0 error(s), 1 left on base; Northern Virginia 2 - Vancouver 3 |
BOTTOM OF THE 8TH |
Vancouver Grey Wolves batting - Pitching for Northern Virginia Rainbow Mermaids : RHP Anthony Ledesma
|
Now at 1B: Preston Witt
|
|
Now at 2B: Júlio Vargas
|
|
Now in LF: Luis Rodríguez
|
|
Pinch Hitting: RHB Frank Grimes
|
0-0: Fly out, F5 (Popup, 5L)
|
Pinch Hitting: RHB Jesús Martínez
|
0-0: Called Strike 0-1: Ball 1-1: Foul Ball, location: 2F 1-2: Ball 2-2: Foul Ball, location: 2F 2-2: Foul Ball, location: 2F 2-2: Foul Ball, location: 2F 2-2: Foul Ball, location: 2F 2-2: Foul Ball, location: 2F 2-2: Ball 3-2: Base on Balls
|
Pinch Runner at 1st Logan Namajunas:
|
|
Pinch Hitting: RHB Danny Walsh
|
0-0: Swinging Strike 0-1: Ball 1-1: Called Strike 1-2: Ball 2-2: Foul Ball, location: 2F 2-2: Foul Ball, location: 2F 2-2: Hit by Pitch Logan Namajunas to second
|
Pitching: RHP Godfrey Verbiest
|
|
Pinch Hitting: RHB Tony Farquharson
|
0-0: Ball 1-0: Foul Ball, location: 2F 1-1: Hit by Pitch Logan Namajunas to third Danny Walsh to second
|
Pinch Hitting: LHB Jake Shelton
|
0-0: Ball 1-0: Foul Ball, location: 2F 1-1: Swinging Strike 1-2: Foul Ball, location: 2F 1-2: Ball 2-2: Foul Ball, location: 2F 2-2: Grounds into double play, 4-2-3 (Groundball, 34)
|
Bottom of the 8th over - 0 run(s), 0 hit(s), 0 error(s), 2 left on base; Northern Virginia 2 - Vancouver 3 |
TOP OF THE 9TH |
Northern Virginia Rainbow Mermaids batting - Pitching for Vancouver Grey Wolves : RHP Jim Atkinson
|
Pitching: RHP Alfonso Vera
|
|
Now at 2B: Frank Grimes
|
|
Now at 3B: Danny Walsh
|
|
Now at SS: Pau Arria
|
|
Now in CF: Logan Namajunas
|
|
Now in RF: Jake Shelton
|
|
Pinch Hitting: RHB Bob Heller
|
0-0: Ball 1-0: Foul Ball, location: 2F 1-1: Foul Ball, location: 2F 1-2: Ground out 6-3 (Groundball, 6)
|
Pinch Hitting: LHB Gerald Kaufman
|
0-0: Ball 1-0: Ball 2-0: SINGLE (Line Drive, 4MD)
|
Pinch Hitting: LHB Wayne Akers
|
0-0: Called Strike 0-1: Called Strike 0-2: Ball 1-2: Ball 2-2: Strikes out swinging
|
Batting: RHB Ed Adams
|
0-0: Ball 1-0: Fly out, F4 (Line Drive, 4)
|
Top of the 9th over - 0 run(s), 1 hit(s), 0 error(s), 1 left on base; Northern Virginia 2 - Vancouver 3 |
|